cohdb
Replays
Latest Replays
All Replays
Popular Replays
Top Player Replays
Match Explorer
How It Works
Community
CoH3 Stats
Reddit
Sign in to upload your games and track your stats! →
Sign in with Steam
Match 40947921
Unlisted
Match 40947921
Overview
Messages
Build Orders
End
Construct Barracks
Selects Heavy Weapons
Riflemen Squad
M1 Mortar Team
Riflemen Squad
Grenade Package
Construct Weapon Support Center
Construct Weapon Support Center
M1919 Machine Gun Team
Selects M2HB .50cal Heavy Machine Gun
M1919 Machine Gun Team
Construct Medical Station
Mechanized Support Center
M3 Armored Personnel Carrier
M3 Armored Personnel Carrier
Riflemen Squad
M1918 Browning Automatic Rifles
Riflemen Squad
Designate Forward Repair Station
Engineer Squad
Selects Assault Carriers
Selects Exchangeable Parts
Construct Tank Depot
M4A1 Sherman Medium Tank
M4A1 76mm Conversion
M4A1(76) Sherman Medium Tank
brilinta
Dumpster Bob
⚅ Knightz
迷你小草莓蛋糕
Рубль
Voodoo408
IronFang
JuicyBeijingDUCK
0
0
Comments
sign in to comment!
No comments posted yet!